 Dungeon Crawl Stone Soup version 0.29.1-13-g9f3cf754e1 (webtiles) character file.

Game seed: 1926089491265421010

65 Hrothgar the Firebug (level 3, -1/15 HPs)
             Began as a Felid Fire Elementalist on Feb 8, 2023.
             Slain by an orc
             ... wielding a +0 club
              (3 damage)
             ... on level 3 of the Dungeon.
             The game lasted 00:06:39 (1246 turns).

Hrothgar the Firebug (Felid Fire Elementalist)      Turns: 1246, Time: 00:06:39

Health: -1/15      AC:  1    Str:  6    XL:     3   Next: 92%
Magic:  1/7        EV: 17    Int: 16    God:
Gold:   116        SH:  0    Dex: 16    Spells: 1/7 levels left
                                        Lives:  0   Deaths: 0

rFire   + . .      SeeInvis +   (weapon unavailable)
rCold   + . .      Faith    .   (shield unavailable)
rNeg    . . .      Spirit   .   (body armour unavailable)
rPois   +          Reflect  .   (helmet unavailable)
rElec   +          Harm     .   (cloak unavailable)
rCorr   +          Rampage  .   (gloves unavailable)
Will    .....                   (boots unavailable)
Stlth   ++........              (no amulet)
HPRegen 0.05/turn               (no ring)
MPRegen 0.10/turn               (no ring)

@: resistant, quick
A: very small, claws 1, fangs 3, see invisible, speed 1, shaggy fur 1, stealthy
paws, no weapons or thrown items, no armour, multi-lived
a: no special abilities


You were on level 3 of the Dungeon.
You visited 1 branch of the dungeon, and saw 3 of its levels.

You collected 116 gold pieces.

Inventory:

Jewellery
 e - an amulet of faith
Scrolls
 d - a scroll of noise
 g - a scroll of enchant armour {unknown}
 i - a scroll of teleportation {unknown}
Potions
 a - a potion of resistance
 b - a potion of berserk rage {unknown}
 c - a potion of cancellation
 j - a potion of flight {unknown}


   Skills:
 * Level 0.9 Fighting
 * Level 2.9 Dodging
 * Level 3.1 Stealth
 * Level 0.8 Unarmed Combat
 * Level 2.6 Spellcasting
 * Level 1.1 Conjurations
 * Level 0.3 Hexes
 * Level 3.3 Fire Magic


You had one spell level left.
You knew the following spells:

 Your Spells              Type           Power      Damage    Failure   Level
a - Foxfire               Conj/Fire      36%        2x1d5     8%          1
b - Scorch                Fire           24%        2d6       8%          2
c - Inner Flame           Hex/Fire       7%         N/A       28%         3

Your spell library contained the following spells:

 Spells                   Type           Power      Damage    Failure   Level
 Conjure Flame            Conj/Fire      9%         6-21      24%         3
 Flame Wave               Conj/Fire      9%         2d6       61%         4


Dungeon Overview and Level Annotations

Branches:
Dungeon (3/15)

Altars:


Innate Abilities, Weirdness & Mutations

You have sharp claws.
You have razor-sharp teeth.
You have supernaturally acute eyesight. (SInv)
You cover ground quickly. (Speed+)
You are covered in fur. (AC +1)
Your paws help you pounce on unaware monsters.
You are incapable of wielding weapons or throwing items.
You cannot wear armour.
You gain extra lives every three experience levels.


Message History

You kill the orc!
The orc barely misses you.
You closely miss the orc. Your bite misses the orc. The orc closely misses you.
The orc hits you with a +0 club.
It was a potion of resistance.
You feel protected. The orc hits you with a +0 whip.
* * * LOW HITPOINT WARNING * * *
The orc misses you.
It was a potion of curing.
You feel better. The orc misses you. The orc closely misses you.
You barely miss the orc. You bite the orc, but do no damage.
The orc barely misses you. The orc misses you.
You scratch the orc but do no damage. The orc misses you.
The orc completely misses you.
You scratch the orc.
The orc is moderately wounded.
The orc completely misses you. The orc misses you.
You scratch the orc but do no damage.
The orc is moderately wounded.
The orc hits you but does no damage. The orc hits you with a +0 club.
You scratch the orc.
The orc is almost dead.
The orc hits you with a +0 whip. The orc hits you but does no damage.
You feel better. The orc hits you with a +0 whip. The orc closely misses you.
You scratch the orc but do no damage. You bite the orc, but do no damage.
The orc is almost dead.
The orc barely misses you. x2
You barely miss the orc.
The orc is almost dead.
The orc closely misses you. The orc hits you with a +0 club.
You closely miss the orc.
The orc is almost dead.
The orc hits you with a +0 whip.
* * * LOW HITPOINT WARNING * * *
The orc closely misses you.
You barely miss the orc. You bite the orc, but do no damage.
The orc is almost dead.
The orc closely misses you. The orc hits you with a +0 club.
You die...

........# #######.#
#......#####.#.
#.#####........
#.####.## #......#
###..#####
#.###....########
#.............o@###
#####.#.#######o#..
#.#.......#.#.#
#.#######.#.#.# #
#.#.#.# #.#.#§##
##.#...§#
######....###v§§#
.........## .#


You could see 2 orcs.

Vanquished Creatures
  2 adders (D:3)
  A dart slug (D:1)
  4 orcs (D:3)
  7 ball pythons
  A bat (D:1)
  3 endoplasms
  4 goblins
  2 hobgoblins (D:2)
  2 kobolds
  6 quokkas
  A frilled lizard (D:2)
  4 rats
37 creatures vanquished.

Vanquished Creatures (others)
  28 foxfires
  A fungus (D:2)
29 creatures vanquished.

Grand Total: 66 creatures vanquished

Notes
Turn   | Place    | Note
-------+----------+-------------------------------------------
     0 | D:1      | Hrothgar the Felid Fire Elementalist began the quest for
                  | the Orb.
     0 | D:1      | Reached XP level 1. HP: 7/7 MP: 4/4
   223 | D:1      | Reached XP level 2. HP: 12/12 MP: 3/6
   230 | D:1      | Learned a level 2 spell: Scorch
   689 | D:2      | Reached skill level 1 in Conjurations
   689 | D:2      | Reached XP level 3. HP: 15/15 MP: 4/7
   693 | D:2      | Learned a level 3 spell: Inner Flame
  1246 | D:3      | Slain by an orc

Illustrated notes

Levels and vault maps discovered:
D:1:      eino_arrival_water_cross, layout_rooms,
          hellmonk_ecumenical_altar_defaced_shrine, hangedman_decor_growths
D:2:      layout_rooms, st_stairs_10, dreamdust_mushroom_princess,
          grunt_ministairs_9
D:3:      layout_loops_ring

Skill      XL: |  1  2 |
---------------+-------+-----
Fire Magic     | 3 |  3.3
Stealth        | 3 |  3.1
Conjurations   | 1 |  1.1
Fighting       | |  0.9
Dodging        | |  2.9
Unarmed Combat | |  0.8
Spellcasting   | |  2.6
Hexes          | |  0.3

Action                   || total
-------------------------++-------
Melee: Unarmed           ||    21
       Bite              ||     4
 Cast: Foxfire           ||    18
       Scorch            ||    25
       Inner Flame       ||     1
  Use: Scroll            ||     4
       Potion            ||     4
 Stab: Sleeping          ||     4
Armor: Skin              ||     3
Dodge: Dodged            ||    50
